 Dungeon Crawl Stone Soup version 0.30-a0-870-gc5d4c5acee (webtiles) character file.

Game seed: 7540163559740125039

1404 lessens the Cleaver (level 8, -1/41 HPs)
             Began as a Tengu Wanderer on Mar 11, 2023.
             Slain by a hornet (4 damage)
             ... while paralysed by a hornet
             ... on level 7 of the Dungeon.
             The game lasted 00:10:29 (5390 turns).

lessens the Cleaver (Tengu Wanderer)                Turns: 5390, Time: 00:10:30

Health: -1/41      AC: 10    Str: 21    XL:     8   Next: 70%
Magic:  9/9        EV:  2    Int: 10    God:
Gold:   330        SH:  0    Dex: 16    Spells: 7/7 levels left

rFire   . . .      SeeInvis .    a - +2 hand axe
rCold   . . .      Faith    .    (no shield)
rNeg    . . .      Spirit   .    l - +0 ring mail
rPois   .          Reflect  .    (helmet restricted)
rElec   .          Rampage  .    v - +0 cloak
rCorr   .                        (no gloves)
Will    .....                    (boots unavailable)
Stlth   +                        (no amulet)
HPRegen 0.26/turn                g - +4 ring of protection
MPRegen 0.11/turn                w - +6 ring of strength

@: paralysed, lethally poisoned (-1 -> -27), flying quickly and evasively,
slowed, quick
A: beak, talons 3, nimble flight
a: no special abilities


You were on level 7 of the Dungeon.
You visited 2 branches of the dungeon, and saw 8 of its levels.

You collected 330 gold pieces.

Inventory:

Hand Weapons
 a - a +2 hand axe (weapon)
 b - a +0 falchion
 d - a +0 dagger
Missiles
 c - 4 boomerangs (quivered)
 j - 44 stones
 s - 2 boomerangs of dispersal
 x - 17 poisoned darts
Armour
 f - a +0 leather armour
 l - a +0 ring mail (worn)
 m - a +0 scale mail
 v - a +0 cloak (worn)
Jewellery
 e - a ring of fire
 g - a +4 ring of protection (left hand)
 w - a +6 ring of strength (right hand)
Wands
 y - a wand of flame (16)
 E - a wand of mindburst (20)
Scrolls
 h - a scroll of amnesia {unknown}
 i - 2 scrolls of enchant weapon {unknown}
 r - a scroll of brand weapon {unknown}
 u - 2 scrolls of immolation
 A - a scroll of vulnerability {unknown}
 B - 2 scrolls of magic mapping
 C - a scroll of blinking {unknown}
 D - 4 scrolls of teleportation
Potions
 k - a potion of lignification
 n - 3 potions of haste
 o - a potion of ambrosia
 p - a potion of resistance {unknown}
 q - a potion of cancellation {unknown}
 t - 2 potions of heal wounds


   Skills:
 - Level 4.3 Long Blades
 * Level 11.1 Axes
 - Level 3.0 Throwing
 + Level 3.2 Dodging


You had 7 spell levels left.
You didn't know any spells.
Your spell library contained the following spells:

 Spells                   Type           Power      Damage    Failure   Level
 Cigotuvi's Dreadful Rot  Necr/Pois/Air  0%         N/A       67%         2
 Poisonous Vapours        Pois/Air       0%         N/A       67%         2
 Dazzling Flash           Conj/Hex       0%         N/A       88%         3
 Mephitic Cloud           Conj/Pois/Air  0%         N/A       88%         3
 Olgreb's Toxic Radiance  Pois           0%         N/A       99%         4
 Agony                    Necr           0%         N/A       100%        5
 Silence                  Hex/Air        0%         N/A       100%        5
 Ozocubu's Refrigeration  Ice            0%         4d7       100%        7
 Ignition                 Fire           0%         3d3       100%        8


Dungeon Overview and Level Annotations

Branches:
Dungeon (7/15) Zot: 26317  Temple (1/1) D:5 Zot: 5952

Altars:
Ashenzari
Cheibriados
Dithmenos
Elyvilon
Fedhas
Gozag
Hepliaklqana
Kikubaaqudgha
Makhleb
Nemelex Xobeh
Qazlal
Ru
Sif Muna
Uskayaw
Vehumet
Wu Jian
Xom
The Shining One

Annotations:
D:2 Sigmund


Innate Abilities, Weirdness & Mutations

You have a beak for a mouth.
You have claws for feet.
Your magical nature lets you fly swiftly and evasively.


Message History

F - a scroll of identify
As you read the scroll of identify, it crumbles to dust.
z - 2 potions of flight You reach down and open the door.
There is an open door here.
Done exploring.
Done exploring.
You drop 2 potions of flight.
Done exploring.
Done exploring.
(D) Dungeon (T) Temple
Where to? (Enter - D:6, ? - help)
There is an open door here.
There is a stone staircase leading down here.
You fly downwards.
The hornet buzzes angrily.
You hear an angry hiss.
The hornet stings you!
You are poisoned.
You feel yourself slow down.
There is a stone staircase leading up here.
Okay, then.
You feel yourself speed up.
You feel very sick. The hornet stings you.
You suddenly lose the ability to move!
You stop ascending the stairs.
The hornet stings you but does no damage.
An iguana comes into view.
The hornet stings you but does no damage.
You feel sick.
The iguana hisses angrily.
The hornet stings you.
You are lethally poisoned!
You feel yourself slow down.
You feel very sick. The hornet stings you!
* * * LOW HITPOINT WARNING * * *
You are more poisoned.
You feel as though you will be slow longer.
The hornet stings you.
You die...

. + .. ... ....
# #
.....######.#..
..#
.#...Y.........
....#
......y@.......
.....
......#######.#
..... ....#
..... ..l .....
. #.... #...#
..... #....
....#


You could see a hornet, an ice beast and an iguana.

Vanquished Creatures
  A water moccasin (D:6)
  2 black bears
  A sky beast (D:7)
  An ice beast (D:6)
  2 scorpions
  4 wights
  A howler monkey (D:6)
  2 jellies
  3 orc priests
  A hound (D:3)
  A gnoll bouda (D:5)
  2 orc wizards (D:6)
  Terence (D:2)
  2 iguanas (D:5)
  5 gnolls (D:5)
  9 adders
  2 white imps
  4 worms (D:2)
  6 dart slugs
  11 orcs
  4 endoplasms
  A giant cockroach (D:1)
  8 goblins
  8 hobgoblins
  4 jackals (D:2)
  4 quokkas
  8 ball pythons
  3 bats
  5 frilled lizards
  5 kobolds
  2 rats
113 creatures vanquished.

Vanquished Creatures (others)
  4 plants (D:6)
4 creatures vanquished.

Grand Total: 117 creatures vanquished

Notes
Turn   | Place    | Note
-------+----------+-------------------------------------------
     0 | D:1      | lessens the Tengu Wanderer began the quest for the Orb.
     0 | D:1      | lessens set off with the following items: a +2 hand axe, a
                  | +0 falchion, 7 boomerangs, a +0 dagger, a scroll of
                  | teleportation, a +0 leather armour.
     0 | D:1      | Reached XP level 1. HP: 10/10 MP: 2/2
   226 | D:1      | Reached skill level 3 in Axes
   226 | D:1      | Reached XP level 2. HP: 11/15 MP: 3/3
   530 | D:1      | Found a faded altar of an unknown god.
   798 | D:2      | Reached XP level 3. HP: 19/19 MP: 4/4
   916 | D:2      | Reached skill level 4 in Axes
  1060 | D:2      | Reached XP level 4. HP: 23/24 MP: 5/5
  1367 | D:2      | Noticed Sigmund
  1522 | D:2      | Reached skill level 5 in Axes
  1539 | D:2      | Noticed Terence
  1566 | D:2      | Killed Terence
  1803 | D:3      | Gained mutation: Your magical nature lets you fly swiftly
                  | and evasively. [Tengu growth]
  1803 | D:3      | Reached XP level 5. HP: 28/28 MP: 6/6
  2022 | D:3      | Reached skill level 6 in Axes
  2259 | D:3      | Found a white marble altar of Elyvilon.
  2260 | D:3      | Found a snail-covered altar of Cheibriados.
  2262 | D:3      | Found an opulent altar of Gozag.
  2263 | D:3      | Found a broken altar of Ashenzari.
  2263 | D:3      | Found a shimmering blue altar of Sif Muna.
  2264 | D:3      | Found a stormy altar of Qazlal.
  2264 | D:3      | Found a sparkling altar of Nemelex Xobeh.
  2265 | D:3      | Found a sacrificial altar of Ru.
  2535 | D:3      | Reached XP level 6. HP: 32/32 MP: 7/7
  2777 | D:3      | Found a burning altar of Makhleb.
  2816 | D:4      | Reached skill level 7 in Axes
  2821 | D:4      | Found a radiant altar of Vehumet.
  2912 | D:4      | Found a shadowy altar of Dithmenos.
  3713 | D:5      | Entered Level 5 of the Dungeon
  3732 | D:5      | Noticed a black bear
  3863 | D:5      | Reached skill level 8 in Axes
  3863 | D:5      | Reached XP level 7. HP: 26/36 MP: 8/8
  3919 | D:5      | Found a staircase to the Ecumenical Temple.
  4037 | Temple   | Entered the Ecumenical Temple
  4365 | D:5      | Reached skill level 9 in Axes
  4418 | D:5      | You are sucked into a shaft and drop 2 floors!
  4534 | D:7      | Reached XP level 8. HP: 20/41 MP: 9/9
  4664 | D:5      | Reached skill level 10 in Axes
  5245 | D:6      | Reached skill level 11 in Axes
  5387 | D:7      | Noticed a hornet
  5388 | D:7      | Paralysed by a hornet for 3 turns
  5390 | D:7      | Slain by a hornet

Illustrated notes

Levels and vault maps discovered:
D:1:      dpeg_arrival_fog, layout_basic, ebering_ecumenical_altar_abandoned,
          chequers_serial_rivers_micro_a, minmay_liquid_box,
          chequers_serial_rivers_room_a
D:2:      layout_basic, chequers_serial_rivers_small_3, uniq_sigmund,
          uniq_terence
D:3:      layout_loops_ring, lightli_temple_of_fire, grunt_temple_overflow_open
D:4:      layout_basic, grunt_dithmenos_smoke_and_mirrors,
          nicolae_vehumet_radiance
D:5:      layout_basic, minmay_temple_entry_gardened_gates
D:6:      layout_basic, serial_bayou_pond_e
D:7:      layout_basic, nrook_mini_backslash, uniq_maggie
Temple:   nicolae_temple_ecumenical_triangle

Skill      XL: |  1  2  3  4  5  6  7  8 |
---------------+-------------------------+-----
Axes           | 3 4 5 6 8 9 11 | 11.1
Dodging        | 3 |  3.2
Long Blades    | |  4.3
Throwing       | |  3.0

Action                     |  1- 3 |  4- 6 |  7- 9 || total
---------------------------+-------+-------+-------++-------
  Melee: Hand axe          |    70 |   136 |   103 ||   309
         Kick              |    13 |    33 |    28 ||    74
         Peck              |    14 |    18 |    22 ||    54
         Punch             |       |     1 |       ||     1
  Throw: Boomerang         |    15 |    14 |    12 ||    41
  Evoke: Wand              |       |       |     8 ||     8
    Use: Scroll            |       |     2 |     5 ||     7
         Potion            |       |     1 |     2 ||     3
 Armour: Leather armour    |    13 |       |       ||    13
         Ring mail         |    14 |    44 |    47 ||   105
         Skin              |       |       |    26 ||    26
  Dodge: Dodged            |    25 |    76 |    39 ||   140

Table legend: (Time is in decaauts)
 A = Elapsed time spent in this place.
 B = Non-inter-level travel time spent in this place.
 C = Inter-level travel time spent in this place.
 D = Time resting spent in this place.
 E = Time spent auto-exploring this place.
 F = Levels seen in this place.
 G = Mean time per level.
                   A        B        C        D        E       F      G
               +--------+--------+--------+--------+--------+-----+--------+
         Total |   5115 |   4770 |    345 |    224 |   3282 |   8 |  639.4 |
       Dungeon |   5067 |   4728 |    339 |    224 |   3251 |   7 |  723.9 |
        Temple |     47 |     42 |      5 |      0 |     31 |   1 |   47.0 |
               +--------+--------+--------+--------+--------+-----+--------+

Top non-repeatable levels by time:
     D:3: 987 daAuts
     D:2: 935 daAuts
     D:4: 897 daAuts
     D:1: 882 daAuts
     D:5: 627 daAuts
     D:6: 521 daAuts
     D:7: 215 daAuts
  Temple: 47 daAuts
